AoeStats
← 1horsepower

Arena

510712689Analyzed
2v2 RM · 1d ago on Oct 2, 2026· 48m 51s· 4 players
Game mode
Random Map
Map size
Medium (4 player)
Population
200
Speed
Normal
Resources
Standard
Victory
Conquest
Starting age
Dark Age
Ending age
Imperial Age
RankedLock teamsTeams togetherTeam positionsShared explorationLock speedFull tech treeHidden civsTurbo modeCheats
Victory
Defeat
🇨🇳 Bulgarians · China
819
+15
🇮🇩 Britons · Indonesia
777
+17
🇮🇹 Huns · Italy
859
-18
🇮🇱 Persians · Israel
748
-14
mr.lee
0:38 Loom
10:25 Feudal Age
12:17 Wheelbarrow
11:30 Horse Collar
17:28 Castle Age
21:28 Hand Cart
21:53 Loom
22:53 Heavy Plow
24:17 Double-Bit Axe
28:04 Bow Saw
34:13 Imperial Age
31:45 Pikeman
32:26 Squires
32:12 Gambesons
32:12 Arson
31:50 Elite Skirmisher
35:26 Halberdier
37:32 Fletching
37:42 Padded Archer Armor
37:53 Forging
40:31 Scale Mail Armor
41:07 Iron Casting
40:27 Bodkin Arrow
40:47 Leather Archer Armor
42:13 Chain Mail Armor
42:58 Blast Furnace
42:29 Ring Archer Armor
42:23 Caravan
43:51 Bracer
45:24 Arson
48:56 Yeomen
世锦赛冠军
8:55 Feudal Age
9:24 Double-Bit Axe
17:14 Castle Age
15:15 Horse Collar
19:00 Forging
21:08 Wheelbarrow
21:22 Scale Mail Armor
23:49 Pikeman
30:43 Imperial Age
28:53 Bloodlines
28:53 Scale Barding Armor
29:17 Gold Mining
29:18 Stone Mining
31:14 Husbandry
31:55 Conscription
31:53 Squires
31:39 Gambesons
31:34 Light Cavalry
32:59 Iron Casting
32:40 Chain Mail Armor
32:46 Chain Barding Armor
32:54 Hand Cart
33:16 Stirrups
33:37 Heavy Plow
34:31 Halberdier
36:30 Hussar
38:45 Elite Konnik
40:55 Blast Furnace
40:25 Plate Mail Armor
40:31 Plate Barding Armor
44:38 Bagains
49:12 Coinage
48:42 Caravan
1horsepower
0:30 Loom
10:27 Feudal Age
11:48 Double-Bit Axe
17:35 Castle Age
17:26 Stone Mining
17:26 Gold Mining
17:32 Horse Collar
27:12 Heavy Plow
27:26 Bow Saw
31:06 Imperial Age
29:54 Wheelbarrow
29:04 Town Watch
30:16 Gold Shaft Mining
31:07 Stone Shaft Mining
30:53 Bloodlines
30:46 Husbandry
31:38 Citadels
31:54 Hand Cart
32:26 Crop Rotation
32:56 Town Patrol
32:42 Cavalier
35:53 Two-Man Saw
36:20 Chemistry
Nuema3
2:56 Loom
3:19 Loom
11:16 Feudal Age
12:21 Double-Bit Axe
14:40 Horse Collar
15:53 Town Watch
19:20 Castle Age
20:13 Heavy Plow
20:53 Wheelbarrow
22:21 Stone Mining
22:49 Bow Saw
23:34 Gold Mining
25:42 Hand Cart
25:43 Pikeman
27:48 Fletching
29:48 Gold Shaft Mining
30:11 Elite Skirmisher
31:33 Bodkin Arrow
36:42 Imperial Age
37:25 Capped Ram
45:19 Halberdier
46:00 Squires
47:26 Scale Mail Armor
47:36 Forging
47:28 Bracer
49:04 Conscription
Connection lost

Rejoining the realm…

Still unreachable

The connection could not be restored.

Session expired

The server has moved on; the page needs a fresh start.